 Dungeon Crawl Stone Soup version 0.19-a0-1896-g611e798 (webtiles) character file.

1025 DarthKuruptios the Chopper (level 8, 0/102 HPs)
             Began as a Minotaur Fighter on Oct 18, 2016.
             Was an Initiate of the Shining One.
             Slain by a merfolk javelineer
             ... wielding a +3 spear of venom
             ... created by the fury of Okawaru
              (17 damage)
             ... on level 6 of the Dungeon.
             The game lasted 00:16:24 (4830 turns).

DarthKuruptios the Chopper (Minotaur Fighter)       Turns: 4830, Time: 00:16:24

Health: 0/102      AC:  8    Str: 28    XL:     8   Next: 2%
Magic:  7/7        EV: 10    Int:  5    God:    the Shining One [......]
Gold:   353        SH: 11    Dex: 12    Spells: 0 memorised, 7 levels left

rFire  + . .     SeeInvis .     a - +1 war axe
rCold  . . .     Gourm    +     b - +0 scale mail
rNeg   . . .     Faith    .     c - +0 shield
rPois  .         Spirit   .     (helmet restricted)
rElec  .         Reflect  .     q - +0 cloak
rCorr  .         Harm     .     (no gloves)
MR     .....                    (no boots)
Stlth  ..........               o - amulet of the gourmand
                                u - +2 ring of strength
                                m - ring of protection from fire

@: berserking (expiring), lethally poisoned (0 -> -4), glowing, very quick
A: retaliatory headbutt, horns 2
a: Renounce Religion


You were on level 6 of the Dungeon.
You worshipped the Shining One.
The Shining One was noncommittal.
You were very full.

You visited 2 branches of the dungeon, and saw 7 of its levels.
You also visited: Sewer.

You collected 353 gold pieces.

Inventory:

Hand Weapons
 a - a +1 war axe (weapon)
Armour
 b - a +0 scale mail (worn)
 c - a +0 shield (worn)
 q - a +0 cloak (worn)
Jewellery
 m - a ring of protection from fire (left hand)
 o - an amulet of the gourmand (around neck)
 u - a +2 ring of strength (right hand)
Wands
 d - a wand of random effects (27/48)
Scrolls
 e - a scroll of identify
 h - 6 scrolls of teleportation
 j - 4 scrolls of remove curse
 s - 2 scrolls of magic mapping
Potions
 g - a potion of curing
 i - a potion of berserk rage
 n - 10 potions of flight
 p - a potion of resistance
 t - 2 potions of brilliance
 v - a potion of ambrosia {unknown}
Comestibles
 f - 7 bread rations
 k - 2 slices of pizza
 l - a royal jelly


   Skills:
 + Level 5.1 Fighting
 + Level 7.1 Axes
 + Level 5.9 Armour
 + Level 2.8 Dodging
 + Level 6.7 Shields


You had 7 spell levels left.
You didn't know any spells.

Dungeon Overview and Level Annotations

Branches:
Dungeon (6/15)             Temple (1/1) D:4

Altars:
Ashenzari
Dithmenos
Elyvilon
Fedhas
Gozag
Hepliaklqana
Kikubaaqudgha
Makhleb
Nemelex Xobeh
Okawaru
Qazlal
Sif Muna
Trog
Uskayaw
Vehumet
Xom
Yredelemnul
Zin
The Shining One


Innate Abilities, Weirdness & Mutations

You reflexively headbutt those who attack you in melee.
You have a pair of horns on your head.


Message History

The merfolk hits you with a trident.
* * * LOW HITPOINT WARNING * * *
You closely miss the merfolk.
The merfolk is heavily wounded.
You feel sick.
The merfolk javelineer barely misses you.
Unknown command.
You slice the merfolk!! Your headbutt misses the merfolk.
The merfolk is almost dead.
You feel sick. You block the merfolk's attack.
The merfolk javelineer hits you from afar with a spear of venom.
* * * LOW HITPOINT WARNING * * *
You barely miss the merfolk.
The merfolk is almost dead.
You feel sick. You block the merfolk's attack.
You slice the merfolk!!
You kill the merfolk!
That felt strangely unrewarding.
You feel sick.
The merfolk javelineer hits you from afar with a spear of venom!
You die...

###
#<#
#.#
#@#
#.#
#m#
#m#
#g#
#g#
.g#
###


You could see a merfolk javelineer, a merfolk and 3 gnolls.

Vanquished Creatures
  A merfolk (D:6)
  3 ogres
  A phantom (D:5)
  Blork the orc (D:5)
  2 crimson imps
  2 hounds
  An orc priest (D:3)
  Crazy Yiuf (D:3)
  2 iguanas (D:4)
  An orc wizard (D:3)
  2 worker ants (D:5)
  A merfolk avatar (Sewer)
  A siren (Sewer)
  A worker ant zombie (D:5)
  A river rat (D:3)
  9 adders
  An ooze (D:2)
  An adder skeleton (D:4)
  6 worms
  6 leopard geckos
  10 orcs
  6 bats
  9 giant cockroaches
  10 hobgoblins
  20 jackals
  4 quokkas
  7 ball pythons
  8 frilled lizards
  5 goblins
  6 kobolds
  34 rats
  A fungus (D:3)
164 creatures vanquished.

Vanquished Creatures (others)
  A merfolk (D:6)
  A quokka skeleton (D:5)
2 creatures vanquished.

Grand Total: 166 creatures vanquished

Notes
Turn   | Place    | Note
-------+----------+-------------------------------------------
     0 | D:1      | DarthKuruptios the Minotaur Fighter began the quest for the Orb.
     0 | D:1      | Reached XP level 1. HP: 19/19 MP: 0/0
   129 | D:1      | Reached XP level 2. HP: 23/27 MP: 1/1
   531 | D:2      | Reached skill level 3 in Axes
   531 | D:2      | Reached XP level 3. HP: 20/33 MP: 2/2
   780 | D:2      | Reached XP level 4. HP: 33/40 MP: 3/3
   806 | D:2      | Found a faded altar of an unknown god.
   894 | D:2      | Found a burning altar of Makhleb.
   930 | D:2      | Found a shattered altar of Ashenzari.
  1056 | D:2      | Found a radiant altar of Vehumet.
  1173 | D:3      | Reached skill level 1 in Dodging
  1217 | D:3      | Reached skill level 4 in Axes
  1217 | D:3      | Reached XP level 5. HP: 27/46 MP: 4/4
  1478 | D:3      | Reached skill level 5 in Shields
  1714 | D:3      | Found a glowing drain.
  1718 | Sewer    | Entered a sewer
  1869 | Sewer    | Reached XP level 6. HP: 24/53 MP: 5/5
  2158 | Sewer    | Reached skill level 5 in Armour
  2711 | D:3      | Reached skill level 5 in Axes
  2731 | D:3      | Found a runed door.
  2735 | D:3      | Noticed Crazy Yiuf
  2739 | D:3      | Killed Crazy Yiuf
  3071 | D:4      | Reached XP level 7. HP: 42/60 MP: 6/6
  3224 | D:4      | Found a staircase to the Ecumenical Temple.
  3231 | Temple   | Entered the Ecumenical Temple
  3515 | Temple   | Became a worshipper of Warmaster Okawaru
  3631 | D:4      | Found a faded altar of an unknown god.
  3631 | D:4      | Found a faded altar of an unknown god.
  3636 | D:4      | Found a faded altar of an unknown god.
  3638 | D:4      | Found a blossoming altar of Fedhas.
  3640 | D:4      | Found a faded altar of an unknown god.
  4075 | D:5      | Entered Level 5 of the Dungeon
  4154 | D:5      | Noticed Blork the orc
  4164 | D:5      | Killed Blork the orc
  4209 | D:5      | Reached skill level 6 in Axes
  4233 | D:5      | Found a deep blue altar of Sif Muna.
  4233 | D:5      | Found a white marble altar of Elyvilon.
  4234 | D:5      | Found a glowing golden altar of the Shining One.
  4270 | D:5      | Reached skill level 5 in Fighting
  4301 | D:5      | Fell from the grace of Okawaru
  4301 | D:5      | Became a worshipper of the Shining One
  4490 | D:5      | Reached skill level 7 in Axes
  4490 | D:5      | Reached XP level 8. HP: 56/68 MP: 7/7
  4652 | D:5      | Found a stormy altar of Qazlal.
  4819 | D:6      | Noticed a merfolk javelineer
  4819 | D:6      | Noticed a merfolk
  4819 | D:6      | Noticed a merfolk
  4819 | D:6      | Noticed a merfolk
  4824 | D:6      | Killed a merfolk
  4830 | D:6      | Killed a merfolk
  4830 | D:6      | Slain by a merfolk javelineer

Vault maps used:
D:1:      lightli_arrival_flooded_house
D:2:      old_standard_altar, marbit_many_paths, first_bread,
          ecumenical_altar_1, amethyst_killhole, makhleb_heckhound_becter
D:3:      gup_sewer_entry_spiral, uniq_crazy_yiuf_cottage
D:4:      lemuel_upstairs_altar, chequers_temple_overflow_minitemple
D:5:      nicolae_qazlal_eye_of_the_storm, gammafunk_temple_overflow_forgotten,
          uniq_blork_the_orc
D:6:      serial_shops, shop, uniq_duvessa, uniq_sigmund
Temple:   minmay_temple_forest_path
Sewer:    sewer_sea

Skill      XL: |  1  2  3  4  5  6  7 |
---------------+----------------------+-----
Fighting       | 4 5 |  5.1
Armour         | 4 5 |  5.9
Axes           | 3 4 5 7 |  7.1
Shields        | 4 5 6 |  6.7
Dodging        | 1 2 |  2.8

Action                   |  1- 3 |  4- 6 |  7- 9 || total
-------------------------+-------+-------+-------++-------
Melee: War axe           |    71 |   279 |    92 ||   442
       Headbutt          |     8 |    33 |    15 ||    56
  Use: Scroll            |     5 |     6 |     3 ||    14
       Potion            |       |     1 |     2 ||     3
  Eat: Chunk             |     4 |    15 |     5 ||    24
Armor: Scale mail        |    44 |   113 |    15 ||   172
Dodge: Dodged            |    37 |    83 |    24 ||   144
Block: Shield            |    49 |   164 |    46 ||   259
